 Dungeon Crawl Stone Soup version 0.20.1-1-g8b1a95d (webtiles) character file.

409 letownia2 the Grave Robber (level 6, -1/51 HPs)
             Began as a Deep Dwarf Necromancer on Dec 21, 2017.
             Was an Initiate of Gozag.
             Shot with an arrow by a centaur (7 damage)
             ... on level 6 of the Dungeon.
             The game lasted 00:12:03 (4394 turns).

letownia2 the Grave Robber (Deep Dwarf Necromancer) Turns: 4394, Time: 00:12:03

Health: -1/51      AC:  5    Str: 12    XL:     6   Next: 58%
Magic:  9/10       EV:  8    Int: 17    God:    Gozag
Gold:   597        SH:  0    Dex: 13    Spells: 7/11 levels left

rFire    . . .     SeeInvis .   a - +0 dagger
rCold    . . .     Gourm    .   (no shield)
rNeg     . . .     Faith    .   G - +0 ring mail
rPois    .         Spirit   .   (no helmet)
rElec    .         Reflect  .   (no cloak)
rCorr    .         Harm     .   (no gloves)
MR       .....                  (no boots)
Stlth    +.........             (no amulet)
Regen    0.0/turn               k - -3 ring of evasion (curse)
MPRegen  0.2/turn               (no ring)

@: non-regenerating
A: damage resistance, heal wounds, sense surroundings 1, no regeneration
a: Heal Wounds, Potion Petition, Call Merchant, Bribe Branch, Renounce Religion


You were on level 6 of the Dungeon.
You worshipped Gozag.
Gozag was pleased with you.
You were not hungry.

You visited 2 branches of the dungeon, and saw 7 of its levels.

You collected 663 gold pieces.
You paid 66 gold pieces to Gozag.

Inventory:

Hand Weapons
 a - a +0 dagger (weapon)
 s - a +0 blowgun
 H - a +0 spear
Missiles
 g - 6 javelins (quivered)
 q - 69 bolts
 r - 4 tomahawks
 t - 19 poisoned needles
Armour
 e - a +0 leather armour
 h - a +0 robe
 z - a +0 buckler
 A - a +0 scale mail
 C - a cursed +0 leather armour
 G - a +0 ring mail (worn)
Jewellery
 k - a cursed -3 ring of evasion (left hand)
Wands
 l - a wand of scattershot (0/9)
Scrolls
 c - a scroll of fog {unknown}
 d - 6 scrolls of identify
 f - 2 scrolls of fear {unknown}
 i - 2 scrolls of blinking {unknown}
 n - 4 scrolls of teleportation {unknown}
 v - 2 scrolls of enchant armour {unknown}
 x - 3 scrolls of immolation {unknown}
 y - a scroll of magic mapping {unknown}
 B - a scroll of enchant weapon {unknown}
 E - 2 scrolls of remove curse {unknown}
Potions
 j - 3 potions of lignification {unknown}
 m - 2 potions of curing {unknown}
 o - a potion of brilliance {unknown}
 p - 2 potions of mutation {unknown}
 w - a potion of resistance {unknown}
 D - a potion of invisibility {unknown}
 F - a potion of haste {unknown}
Books
 b - a book of Necromancy

   Spells                             Type                      Level
   a - Pain                           Necromancy                   1
   b - Animate Skeleton               Necromancy                   1
   c - Vampiric Draining              Necromancy                   3
   d - Regeneration                   Charms/Necromancy            3
   e - Animate Dead                   Necromancy                   4
   f - Control Undead                 Necromancy                   4
Comestibles
 u - 2 meat rations


   Skills:
 - Level 1.0 Fighting
 - Level 2.1 Dodging
 - Level 2.4 Stealth
 - Level 3.1 Spellcasting
 + Level 7.8 Necromancy


You had 7 spell levels left.
You knew the following spells:

 Your Spells              Type           Power        Failure   Level  Hunger
a - Pain                  Necr           ####         1%          1    None
v - Vampiric Draining     Necr           ####......   4%          3    ###....


Dungeon Overview and Level Annotations

Branches:
Dungeon (6/15)             Temple (1/1) D:4

Altars:
Gozag
Hepliaklqana
Kikubaaqudgha
Nemelex Xobeh
Qazlal
Ru
Sif Muna
Zin

Annotations:
D:3 ShansongY's ghost, weakling DrSk


Innate Abilities, Weirdness & Mutations

You are resistant to damage.
You can heal yourself by infusing magical energy.
You passively map a small area around you.
You do not regenerate.


Message History

The phantom blinks!
A phantom comes into view.
The phantom hits you. The phantom hits you!
* * * LOW HITPOINT WARNING * * *
The phantom blinks!
There is an open door here.
The phantom blinks!
There is a stone staircase leading down here.
You climb downwards.
Found a silvery potion.
Found a sparkling altar of Nemelex Xobeh.
There is a stone staircase leading up here.
Unknown command.
Found a ring mail.
A centaur comes into view.
The centaur shouts!
The centaur wields a shortbow.
The centaur shoots an arrow.
The arrow hits you!
You die...
Your body crumbles into a pile of gold.

≈ $$$ ,
$$$###############
* * ≈ *
#≈≈≈≈≈≈≈≈≈≈≈≈≈≈ ≈
≈ ≈≈≈≈≈≈≈≈≈≈≈≈≈≈≈
≈≈≈≈≈≈≈≈≈≈≈≈≈≈≈≈ ,
.≈≈≈≈≈≈.≈≈≈≈≈≈. ,
c.............. ,
.......?...!... *
* * , #@......., ,
, *###........, ,
, #<......... , ,
.................
,
.......##......##
* $
.......*#......#
.......*#[.....# *
, ....... .......#
....... ..._..## ,


You could see a centaur.

Vanquished Creatures
  2 centaur skeletons (D:4)
  4 worker ants
  A worker ant zombie (D:5)
  6 gnolls
  9 adders
  A shadow imp (D:5)
  4 worms
  3 dart slugs
  4 leopard geckos
  3 orcs
  7 bats
  2 giant cockroaches (D:3)
  7 hobgoblins
  7 quokkas
  2 ball pythons
  4 frilled lizards
  10 goblins
  9 kobolds
  A quokka skeleton (D:3)
  5 rats
91 creatures vanquished.

Notes
Turn   | Place    | Note
-------+----------+-------------------------------------------
     0 | D:1      | letownia2 the Deep Dwarf Necromancer began the quest for the Orb.
     0 | D:1      | Reached XP level 1. HP: 15/15 MP: 3/3
   274 | D:2      | Reached XP level 2. HP: 22/22 MP: 0/5
   383 | D:2      | Reached skill level 5 in Necromancy
   642 | D:2      | Reached XP level 3. HP: 28/28 MP: 1/6
   647 | D:2      | Learned a level 3 spell: Vampiric Draining
   768 | D:4      | Reached skill level 6 in Necromancy
   768 | D:4      | Reached XP level 4. HP: 5/36 MP: 3/7
   939 | D:4      | Found a staircase to the Ecumenical Temple.
   962 | Temple   | Entered the Ecumenical Temple
   995 | Temple   | Became a worshipper of Gozag Ym Sagoz the Greedy
  1051 | D:4      | Found a glowing drain.
  1220 | D:4      | Reached XP level 5. HP: 16/42 MP: 2/8
  1350 | D:3      | Noticed ShansongY's ghost (weakling DrSk)
  2313 | D:3      | Reached skill level 7 in Necromancy
  2392 | D:3      | Reached XP level 6. HP: 30/50 MP: 0/10
  3125 | D:2      | Reached skill level 1 in Fighting
  4159 | D:5      | Entered Level 5 of the Dungeon
  4391 | D:6      | Found a sparkling altar of Nemelex Xobeh.
  4394 | D:6      | Shot with an arrow by a centaur

Skill      XL: |  1  2  3  4  5  6 |
---------------+-------------------+-----
Spellcasting   | 2 3 |  3.1
Necromancy     | 5 6 7 |  7.8
Fighting       | 1 |  1.0
Dodging        | |  2.1
Stealth        | |  2.4

Action                   |  1- 3 |  4- 6 || total
-------------------------+-------+-------++-------
Melee: Dagger            |     5 |    21 ||    26
Throw: Javelin           |    17 |    22 ||    39
 Cast: Pain              |    31 |   123 ||   154
       Vampiric Draining |       |    17 ||    17
Evoke: Wand              |       |     1 ||     1
  Use: Scroll            |     1 |       ||     1
 Stab: Sleeping          |       |     2 ||     2
  Eat: Chunk             |       |     2 ||     2
       Bread ration      |       |     2 ||     2
       Meat ration       |       |     1 ||     1
Armor: Leather armour    |     5 |     7 ||    12
       Ring mail         |       |     6 ||     6
Dodge: Dodged            |    19 |    24 ||    43
